 Dungeon Crawl Stone Soup version 0.22-a0-533-g4d20840 (webtiles) character file.

9370 kae the Martial Artist (level 11, -5/83 HPs)
             Began as a Demonspawn Transmuter on June 22, 2018.
             Was a High Priest of Okawaru.
             Slain by Snorg (14 damage)
             ... on level 10 of the Dungeon.
             The game lasted 00:09:33 (10443 turns).

kae the Martial Artist (Demonspawn Transmuter)     Turns: 10443, Time: 00:09:34

Health: -5/83      AC: 12    Str: 11    XL:     11   Next: 22%
Magic:  18/20      EV: 12    Int: 14    God:    Okawaru [*****.]
Gold:   511        SH:  0    Dex: 17    Spells: 17/23 levels left

rFire    + . .     SeeInvis .     - Unarmed
rCold    + . .     Gourm    .   (no shield)
rNeg     . . .     Faith    .   B - +2 scale mail {rPois}
rPois    +         Spirit   .   F - +0 hat
rElec    .         Reflect  .   (no cloak)
rCorr    .         Harm     .   (no gloves)
MR       .....                  (no boots)
Stlth    +.........             (no amulet)
HPRegen  0.23/turn              k - ring of protection from cold
MPRegen  0.17/turn              c - ring of loudness (curse)

@: heroism
A: talons 2, molten scales 2, fire resistance 1, spiny 1, flame cloud immunity
a: Heroism, Finesse, Renounce Religion


You were on level 10 of the Dungeon.
You worshipped Okawaru.
Okawaru was extremely pleased with you.
You were near starving.

You visited 1 branch of the dungeon, and saw 10 of its levels.

You collected 511 gold pieces.

Inventory:

Missiles
 a - 131 arrows
Armour
 b - a +0 robe
 e - a +1 ring mail
 g - a +0 plate armour
 B - a +2 scale mail of poison resistance (worn)
 F - a +0 hat (worn)
Jewellery
 c - a cursed ring of loudness (right hand)
 k - a ring of protection from cold (left hand)
 y - an uncursed ring of magical power {unknown}
Wands
 o - a wand of enslavement (17)
 s - a wand of disintegration (7)
 A - a wand of iceblast (4)
Scrolls
 f - 2 scrolls of remove curse
 h - a scroll of fog
 l - 3 scrolls of enchant weapon
 m - 2 scrolls of amnesia
 p - 2 scrolls of magic mapping
 r - 5 scrolls of teleportation
 v - 5 scrolls of identify
 z - a scroll of fear {unknown}
Potions
 i - 7 potions of curing
 j - a potion of flight
 n - a potion of brilliance {unknown}
 q - a potion of haste
 t - a potion of mutation {unknown}
 u - 2 potions of invisibility
 w - a potion of heal wounds {unknown}
 x - a potion of agility {unknown}
 D - a potion of resistance {unknown}
 E - a potion of ambrosia {unknown}
Comestibles
 d - 17 rations


   Skills:
 + Level 6.8(11.8) Fighting
 - Level 1.7(6.7) Dodging
 * Level 9.4(14.4) Unarmed Combat
 + Level 6.5 Spellcasting
 * Level 9.2 Transmutations
 + Level 6.8 Invocations


You had 17 spell levels left.
You knew the following spells:

 Your Spells              Type           Power        Failure   Level  Hunger
a - Beastly Appendage     Tmut           ####..       1%          1    None
b - Sticks to Snakes      Tmut           ####....     2%          2    #......
c - Spider Form           Tmut/Pois      ###.......   34%         3    ##.....

Your spell library contained the following spells:

 Spells                   Type           Power        Failure   Level  Hunger
 Apportation              Tloc           #.....       61%         1    None
 Summon Small Mammal      Summ           #...         61%         1    None
 Animate Skeleton         Necr           N/A          61%         1    None
 Blade Hands              Tmut           ####......   43%         5    ######.
 Ice Form                 Ice/Tmut       ###.....     75%         4    ####...
 Confusing Touch          Hex            #.....       61%         1    None


Dungeon Overview and Level Annotations

Branches:
Dungeon (10/15)            Temple (0/1) D:6
   Lair: D:8-11         Orc: D:9-12

Altars:
Fedhas
Kikubaaqudgha
Okawaru
Sif Muna
Trog
The Shining One

Shops:
D:9 :

Annotations:
D:10 Snorg


Innate Abilities, Weirdness & Mutations

You have razor-sharp toenails.
You are mostly covered in molten scales. (AC +3)
Your flesh is heat resistant. (rF+)
You are partially covered in sharp spines.
You are immune to clouds of flame.


Message History

Snorg bites you. Snorg claws you but does no damage. x2
Okay, then.
You closely miss Snorg. You claw Snorg.
Snorg is lightly wounded.
You punch Snorg! Your punch misses Snorg.
Snorg is lightly wounded.
Snorg goes berserk!
You hit Snorg. Your kick misses Snorg.
Snorg is lightly wounded.
Snorg closely misses you. Snorg claws you! Snorg claws you.
You punch Snorg!
Snorg is moderately wounded.
Snorg bites you! Snorg claws you!
* * * LOW HITPOINT WARNING * * *
Snorg claws you!
* * * LOW HITPOINT WARNING * * *
You hit Snorg. You punch Snorg.
Snorg is moderately wounded.
Snorg bites you!
You die...

#################################
...............(.).......†.......
..#............[@.#....###...#..#
..............[[[T#..............
.................................
...............................##
#######'#####..............###.#.
............#..............# #.#.
............#.#............###.#.
###.....##..#.#....<...........#.
#.....# ..#..................#.


You could see Snorg (berserk).

Vanquished Creatures
  Gastronok (D:10)
  2 two-headed ogres (D:9)
  An unseen horror (D:10)
  Pikel (D:4)
  A troll (D:10)
  A hornet (D:9)
  3 yaks (D:10)
  A wyvern (D:8)
  A hungry ghost (D:7)
  Menkaure (D:7)
  4 orc warriors
  An eye of draining (D:5)
  3 phantoms
  A black bear (D:10)
  An ice beast (D:9)
  7 ogres
  3 centaurs
  Blork the orc (D:4)
  A big kobold (D:9)
  5 bullfrogs
  A scorpion (D:6)
  9 killer bees
  2 vampire bats (D:3)
  5 wights (D:9)
  5 howler monkeys
  2 crimson imps
  2 bullfrog zombies
  4 quasits
  5 orc priests
  3 hounds
  3 jellies
  3 bullfrog skeletons
  8 orc wizards
  8 worker ants
  A hound skeleton (D:5)
  A worker ant zombie (D:8)
  2 gnolls (D:2)
  12 adders
  An adder zombie (D:8)
  An ooze (D:1)
  An adder skeleton (D:4)
  2 worms
  3 dart slugs
  6 leopard geckos
  35 orcs
  3 bat skeletons (D:3)
  3 bat zombies (D:3)
  7 giant cockroaches
  10 goblins
  10 hobgoblins
  5 jackals
  4 quokkas
  4 bats
  5 frilled lizards
  A jackal skeleton (D:5)
  14 kobolds
  11 rats
242 creatures vanquished.

Vanquished Creatures (collateral kills)
  2 gnolls (D:2)
2 creatures vanquished.

Grand Total: 244 creatures vanquished

Notes
Turn   | Place    | Note
-------+----------+-------------------------------------------
     0 | D:1      | kae the Demonspawn Transmuter began the quest for the Orb.
     0 | D:1      | Reached XP level 1. HP: 15/15 MP: 3/3
     0 | D:1      | Noticed a spriggan
     0 | D:1      | Noticed a dwarf
     2 | D:1      | Noticed a dwarf
     5 | D:1      | Noticed a dwarf
     6 | D:1      | Noticed a dwarf
    10 | D:1      | Noticed an ogre
    12 | D:1      | Noticed a troll
    14 | D:1      | Noticed an elf
    14 | D:1      | Noticed a gargoyle
    16 | D:1      | Noticed a ghoul
    16 | D:1      | Noticed a centaur
    16 | D:1      | Noticed a felid
    18 | D:1      | Noticed an ogre
    18 | D:1      | Noticed a spriggan
    20 | D:1      | Noticed a human
   244 | D:1      | Gained mutation: You are partially covered in molten scales. (AC +2) [demonic ancestry]
   244 | D:1      | Reached XP level 2. HP: 21/21 MP: 5/5
   689 | D:1      | Gained mutation: You are partially covered in sharp spines. [demonic ancestry]
   689 | D:1      | Reached XP level 3. HP: 26/26 MP: 6/6
   693 | D:1      | Learned a level 2 spell: Sticks to Snakes
   697 | D:1      | Learned a level 3 spell: Spider Form
  1251 | D:2      | Reached XP level 4. HP: 33/33 MP: 7/7
  2454 | D:3      | Mutation became permanent: You have razor-sharp toenails. [demonic ancestry]
  2454 | D:3      | Gained mutation: You have claws for feet. [demonic ancestry]
  2454 | D:3      | Reached XP level 5. HP: 37/38 MP: 5/8
  2475 | D:3      | Found a deep blue altar of Sif Muna.
  2947 | D:3      | Noticed a phantom
  2985 | D:3      | Killed a phantom
  2985 | D:3      | Gained mutation: Your flesh is heat resistant. (rF+) [demonic ancestry]
  2985 | D:3      | Reached XP level 6. HP: 33/46 MP: 10/10
  3098 | D:3      | Found an ancient bone altar of Kikubaaqudgha.
  3368 | D:3      | Found a blossoming altar of Fedhas.
  3456 | D:4      | Noticed Blork the orc
  3471 | D:4      | Found an iron altar of Okawaru.
  3471 | D:4      | Found a glowing golden altar of the Shining One.
  3480 | D:4      | Became a worshipper of Warmaster Okawaru
  3488 | D:4      | Killed Blork the orc
  3674 | D:4      | Noticed Pikel
  3674 | D:4      | Noticed a slave
  3674 | D:4      | Noticed a slave
  3674 | D:4      | Noticed a slave
  3675 | D:4      | Noticed a slave
  3692 | D:4      | Killed Pikel
  3692 | D:4      | Reached * piety under Okawaru
  3692 | D:4      | Reached skill level 5 in Unarmed Combat
  3692 | D:4      | Reached skill level 5 in Transmutations
  3692 | D:4      | Reached XP level 7. HP: 35/52 MP: 10/12
  4096 | D:4      | Gained mutation: You are immune to clouds of flame. [demonic ancestry]
  4096 | D:4      | Reached XP level 8. HP: 56/60 MP: 11/13
  4194 | D:5      | Entered Level 5 of the Dungeon
  4606 | D:5      | Reached ** piety under Okawaru
  5065 | D:5      | Found a bloodstained altar of Trog.
  5409 | D:5      | Reached skill level 1 in Invocations
  5587 | D:6      | Reached XP level 9. HP: 51/66 MP: 15/15
  5971 | D:6      | Found a staircase to the Ecumenical Temple.
  6393 | D:7      | Noticed Menkaure
  6400 | D:7      | Killed Menkaure
  6400 | D:7      | Reached skill level 5 in Fighting
  6600 | D:7      | Reached *** piety under Okawaru
  6600 | D:7      | Reached skill level 5 in Spellcasting
  8033 | D:9      | Noticed a two-headed ogre
  8052 | D:9      | Killed a two-headed ogre
  8052 | D:9      | Reached **** piety under Okawaru
  8052 | D:9      | Gained mutation: You are mostly covered in molten scales. (AC +3) [demonic ancestry]
  8052 | D:9      | Reached XP level 10. HP: 37/76 MP: 16/18
  8312 | D:9      | Reached skill level 5 in Invocations
  8376 | D:9      | Found Iboaped's Book Shoppe.
  8714 | D:9      | Noticed a two-headed ogre
  9013 | D:9      | Killed a two-headed ogre
  9013 | D:9      | Reached ***** piety under Okawaru
  9080 | D:10     | Entered Level 10 of the Dungeon
  9374 | D:10     | Noticed a fire crab
  9374 | D:10     | Noticed a two-headed ogre
  9375 | D:10     | Found the -2 hat of the Alchemist {rElec rPois rF+ rC+ rN+ MR+ rMut rCorr}
  9375 | D:10     | Noticed a five-headed hydra
  9399 | D:10     | Killed an unseen horror
  9456 | D:10     | Noticed a deep troll
  9618 | D:10     | Noticed an ice dragon
  9806 | D:10     | Gained mutation: You have razor-sharp toenails. [demonic ancestry]
  9806 | D:10     | Reached XP level 11. HP: 64/83 MP: 17/20
  9806 | D:10     | Noticed Gastronok
  9826 | D:10     | Killed Gastronok
  9826 | D:10     | Received a gift from Okawaru
 10054 | D:10     | Noticed Snorg
 10443 | D:10     | Slain by Snorg

Vault maps used:
D:1:      shiori_arrival_whats_in_store_for_you, minmay_quantized
D:3:      fedhas_altar_4, overflow_temple_1_default, kennysheep_vampire_church
D:4:      gammafunk_temple_overflow_statue, uniq_pikel, uniq_blork_the_orc
D:5:      trog_eyes_of_draining, first_ration
D:6:      temple_green
D:7:      uniq_menkaure
D:8:      grunt_pizzeria, kennysheep_generic_room_8
D:9:      serial_shops, shop_statue
D:10:     minivault_12, uniq_gastronok, uniq_snorg, uniq_maurice

Skill      XL: |  1  2  3  4  5  6  7  8  9 10 11 |
---------------+----------------------------------+-----
Transmutations | 2 3 5 6 7 8 9 |  9.2
Unarmed Combat | 3 4 5 6 8 9 |  9.4
Fighting       | 2 3 4 5 6 |  6.8
Spellcasting   | 3 4 5 6 |  6.5
Invocations    | 2 4 6 |  6.8
Dodging        | |  1.7

Action                   |  1- 3 |  4- 6 |  7- 9 | 10-12 || total
-------------------------+-------+-------+-------+-------++-------
Melee: Unarmed           |   152 |   154 |   258 |   152 ||   716
       Punch             |     4 |     4 |    12 |     2 ||    22
       Kick              |     1 |    26 |    79 |    51 ||   157
       Headbutt          |       |     5 |    37 |    29 ||    71
 Cast: Beastly Appendage |     1 |     5 |    26 |    16 ||    48
       Sticks to Snakes  |       |     3 |     2 |     2 ||     7
Invok: Heroism           |       |       |    10 |    11 ||    21
  Use: Scroll            |       |    11 |     6 |     2 ||    19
       Potion            |       |     3 |     3 |       ||     6
 Stab: Distracted        |       |       |     2 |     1 ||     3
  Eat: Chunk             |     1 |     8 |     9 |     2 ||    20
       Ration            |       |       |     2 |     1 ||     3
Armor: Ring mail         |    43 |    46 |    79 |       ||   168
       Robe              |     1 |       |       |       ||     1
       Skin              |       |     7 |     1 |       ||     8
       Scale mail        |       |       |     7 |    71 ||    78
Dodge: Dodged            |    71 |    83 |   133 |    72 ||   359

Table legend:
 A = Spawn XP
 B = Non-spawn XP
 C = Spawn XP percentage of total XP
 D = Spawn monster count
 E = Non-spawn monster count
 F = Spawn count percentage of total count
 G = Total turns spent on level
                    A         B        C        D         E        F      G
               +---------+---------+-------+---------+---------+-------+---------
         Total |       0 |   13387 |   0.0 |       0 |     244 |   0.0 | 10443
               +---------+---------+-------+---------+---------+-------+---------
           D:1 |       0 |      60 |   0.0 |       0 |      32 |   0.0 |  1405
           D:2 |       0 |     131 |   0.0 |       0 |      25 |   0.0 |  1017
           D:3 |       0 |     424 |   0.0 |       0 |      38 |   0.0 |  1020
           D:4 |       0 |     856 |   0.0 |       0 |      11 |   0.0 |   840
           D:5 |       0 |     904 |   0.0 |       0 |      24 |   0.0 |  1223
           D:6 |       0 |     961 |   0.0 |       0 |      21 |   0.0 |   641
           D:7 |       0 |     563 |   0.0 |       0 |      11 |   0.0 |   752
           D:8 |       0 |    1236 |   0.0 |       0 |      22 |   0.0 |  1305
           D:9 |       0 |    3481 |   0.0 |       0 |      29 |   0.0 |  1254
          D:10 |       0 |    4771 |   0.0 |       0 |      31 |   0.0 |   986
               +---------+---------+-------+---------+---------+-------+---------
